Kradschützen Motorcycle Team
Selects Battlefield Espionage Battlegroup
Selects Battlefield Espionage Battlegroup
Selects Battlefield Espionage Battlegroup
Construct Light Support Kompanie
Selects Intel Disruption Beacon
Panzerjäger Mechanized Group
Selects 250/3 Funkpanzerwagen
Selects Anti-Tank Incendiary Munitions
Construct Mechanized Kompanie
Marder III Tank Destroyer
Selects Disruption Operation
Marder III Tank Destroyer
Marder III Tank Destroyer
Marder III Tank Destroyer
Marder III Tank Destroyer
Marder III Tank Destroyer
Selects Operation Skorpion
Marder III Tank Destroyer
Marder III Tank Destroyer
Panzerjäger Mechanized Group
18-tonne Recovery Half-track
254 Reconnaissance Tractor
Marder III Tank Destroyer
Marder III Tank Destroyer
18-tonne Recovery Half-track